 Dungeon Crawl Stone Soup version 0.29-a0-723-gce39da1c22 (webtiles) character file.

Game seed: 9723499056107764725

57 Mgcat the Trooper (level 4, -3/49 HPs)
             Began as an Ogre Fighter on June 28, 2022.
             Slain by a gnoll
             ... wielding a +0 flail
              (5 damage)
             ... on level 2 of the Dungeon.
             The game lasted 00:02:05 (1297 turns).

Mgcat the Trooper (Ogre Fighter)                    Turns: 1297, Time: 00:02:06

Health: -3/49      AC:  3    Str: 22    XL:     4   Next: 0%
Magic:  4/4        EV:  8    Int:  9    God:
Gold:   16         SH:  7    Dex:  8    Spells: 3/3 levels left

rFire   . . .      SeeInvis .   a - +0 war axe
rCold   . . .      Faith    .   c - +0 kite shield
rNeg    . . .      Spirit   .   b - +0 robe
rPois   .          Reflect  .   (helmet restricted)
rElec   .          Harm     .   (no cloak)
rCorr   .          Rampage  .   (gloves unavailable)
Will    .....                   (boots unavailable)
Stlth   +.........              (no amulet)
HPRegen 0.16/turn               (no ring)
MPRegen 0.09/turn               (no ring)

@: no status effects
A: large, unfitting armour, tough skin 1
a: no special abilities


You were on level 2 of the Dungeon.
You visited 1 branch of the dungeon, and saw 2 of its levels.

You collected 16 gold pieces.

Inventory:

Hand Weapons
 a - a +0 war axe (weapon)
Armour
 b - a +0 robe (worn)
 c - a +0 kite shield (worn)
Scrolls
 e - a scroll of enchant armour {unknown}
 g - a scroll of immolation {unknown}
 i - a scroll of teleportation {unknown}
 j - a scroll of identify {unknown}
 k - a scroll of enchant weapon {unknown}
Potions
 d - a potion of might
 f - 2 potions of haste {unknown}
 h - a potion of resistance {unknown}
 l - 2 potions of curing {unknown}


   Skills:
 + Level 4.5 Fighting
 * Level 3.0 Axes
 + Level 3.1 Dodging
 + Level 3.3 Shields


You had 3 spell levels left.
You didn't know any spells.
Your spell library contained the following spells:

 Spells                   Type           Power      Damage    Failure   Level
 Portal Projectile        Hex/Tloc       0%         N/A       96%         3
 Tukima's Dance           Hex            0%         N/A       96%         3
 Blade Hands              Tmut           0%         N/A       100%        5


Dungeon Overview and Level Annotations

Branches:
Dungeon (2/15)

Altars:


Innate Abilities, Weirdness & Mutations

You are too large for most types of armour.
You have tough skin. (AC +1)


Message History

You take 4 damage, and have 36/40 hp.
You hit the endoplasm.
You kill the endoplasm!
No target in view!
No target in view!
You open the door.
There is an open door here.
A gnoll comes into view. It is wielding a +0 flail.
The gnoll shouts!
Health restored: 40 Spoiler Alert: The gnoll can hit for moderate damage in melee, and throws nets!
A gnoll comes into view. It is wielding a +0 flail.
The gnoll shouts!
Warning x2: The gnoll can hit for moderate damage in melee, and throws nets! x2
Found a stone staircase leading down.
The gnoll hits you with a +0 flail!
You take 7 damage, and have 33/40 hp.
You slash the gnoll!
The gnoll is severely wounded.
You slash the gnoll!
You kill the gnoll!
You barely miss the gnoll.
A ball python comes into view.
The gnoll closely misses you.
Your Axes skill increases to level 3!
You have reached level 4!
You regained 8 hp, and now have 41/49 hp.
MP restored: 4 Spoiler Alert: The gnoll can hit for moderate damage in melee, and throws nets!
You closely miss the gnoll.
The ball python hisses angrily.
The gnoll hits you with a +0 flail! The gnoll closely misses you.
You take 10 damage, and have 31/49 hp.
MASSIVE DAMAGE!!
You are too injured to fight recklessly!
You are too injured to fight recklessly!
Spoiler Alert: The gnoll can hit for moderate damage in melee, and throws nets!
You are too injured to fight recklessly!
You barely miss the gnoll. You block the gnoll's attack.
You hit the gnoll.
The gnoll is lightly wounded.
The gnoll hits you with a +0 flail! The gnoll hits you with a +0 flail.
You take 9 damage, and have 22/49 hp.
Spoiler Alert: The gnoll can hit for moderate damage in melee, and throws nets!
You barely miss the gnoll.
The gnoll is lightly wounded.
You closely miss the ball python. The ball python bites you.
The gnoll hits you with a +0 flail. The ball python barely misses you.
You take 2 damage, and have 20/49 hp.
You hit the gnoll.
The gnoll is heavily wounded.
You closely miss the ball python. The gnoll closely misses you.
You block the ball python's attack. The gnoll barely misses you.
You block the ball python's attack.
Spoiler Alert: The gnoll can hit for moderate damage in melee, and throws nets!
You barely miss the gnoll.
The gnoll is heavily wounded.
You barely miss the ball python.
The ball python bites you but does no damage.
The gnoll hits you with a +0 flail.
You take 4 damage, and have 16/49 hp.
Spoiler Alert: The gnoll can hit for moderate damage in melee, and throws nets!
You closely miss the gnoll.
The gnoll is heavily wounded.
You closely miss the ball python.
The ball python bites you but does no damage.
The gnoll barely misses you. The ball python barely misses you.
The gnoll hits you but does no damage.
Spoiler Alert: The gnoll can hit for moderate damage in melee, and throws nets!
You barely miss the gnoll.
The gnoll is heavily wounded.
You barely miss the ball python.
The ball python bites you but does no damage.
You block the gnoll's attack. The ball python bites you.
You take 1 damage, and have 15/49 hp.
Spoiler Alert: The gnoll can hit for moderate damage in melee, and throws nets!
You barely miss the gnoll.
The gnoll is heavily wounded.
You hit the ball python but do no damage.
You block the ball python's attack. You block the gnoll's attack.
You block the ball python's attack. The gnoll hits you with a +0 flail.
* * * LOW HITPOINT WARNING * * *
You take 2 damage, and have 13/49 hp.
Spoiler Alert: The gnoll can hit for moderate damage in melee, and throws nets!
Saving game... please wait.
Options error: Bad object type '%}\|' for autopickup. (~/.crawlrc:1972) Bad channel name for runrest: 'Jiyva says: Divide and consume' Welcome back, Mgcat the Ogre Fighter.
Press ? for a list of commands and other information.
You barely miss the gnoll.
The gnoll is heavily wounded.
You barely miss the ball python. You block the ball python's attack.
The gnoll hits you with a +0 flail!
* * * LOW HITPOINT WARNING * * *
The ball python barely misses you.
You take 11 damage, and have 2/49 hp.
MASSIVE DAMAGE!!
Spoiler Alert: The gnoll can hit for moderate damage in melee, and throws nets!
You hit the ball python.
You kill the ball python!
You hit the gnoll but do no damage. The gnoll hits you with a +0 flail.
You die...

#######...###..###.##.#......#
##### ##.# #.##.######.#
########.###'##.# #.#
#.............#.# #.#
#.............#.# #.#
#.............#.######.#
#.............#........#
#.............##########
#.........@...#
#.........g$..#
.............## [...........#
...........# ##.........
.........>.. ##..........#


You could see a gnoll.

Vanquished Creatures
  3 gnolls (D:2)
  An adder (D:2)
  3 ball pythons
  7 endoplasms
  A hobgoblin (D:2)
  2 kobolds (D:1)
  A quokka (D:2)
  A frilled lizard (D:1)
  A rat (D:1)
20 creatures vanquished.

Notes
Turn   | Place    | Note
-------+----------+-------------------------------------------
     0 | D:1      | Mgcat the Ogre Fighter began the quest for the Orb.
     0 | D:1      | Reached XP level 1. HP: 24/24 MP: 1/1
   337 | D:1      | Reached XP level 2. HP: 20/32 MP: 2/2
   793 | D:1      | You fall into a shaft and drop 1 floor!
   800 | D:2      | Reached XP level 3. HP: 21/39 MP: 3/3
   992 | D:2      | Reached skill level 3 in Dodging
  1287 | D:2      | Reached skill level 3 in Axes
  1287 | D:2      | Reached XP level 4. HP: 41/49 MP: 4/4
  1296 | D:2      | HP: 2/49 [gnoll/+0 flail (11)]
  1297 | D:2      | Slain by a gnoll

Illustrated notes

Levels and vault maps discovered:
D:1:      dpeg_arrival_shrine, layout_basic
D:2:      layout_basic, hellmonk_ecumenical_altar_run_dry, minmay_box_of_dots

Skill      XL: |  1  2  3 |
---------------+----------+-----
Dodging        | 3 |  3.1
Axes           | 3 |  3.0
Fighting       | |  4.5
Shields        | |  3.3

Action                   |  1- 3 |  4- 6 || total
-------------------------+-------+-------++-------
Melee: War axe           |    37 |    11 ||    48
Armor: Robe              |     7 |     4 ||    11
Dodge: Dodged            |    12 |     7 ||    19
Block: Kite shield       |    10 |     8 ||    18

Table legend: (Time is in decaauts)
 A = Elapsed time spent in this place.
 B = Non-inter-level travel time spent in this place.
 C = Inter-level travel time spent in this place.
 D = Time resting spent in this place.
 E = Time spent auto-exploring this place.
 F = Levels seen in this place.
 G = Mean time per level.
                   A        B        C        D        E       F      G
               +--------+--------+--------+--------+--------+-----+--------+
         Total |   1321 |   1321 |      0 |    519 |    644 |   2 |  660.5 |
       Dungeon |   1321 |   1321 |      0 |    519 |    644 |   2 |  660.5 |
               +--------+--------+--------+--------+--------+-----+--------+

Top non-repeatable levels by time:
     D:1: 803 daAuts
     D:2: 517 daAuts

Table legend:
 A = Kills in this place as a percentage of kills in entire the game.
 B = Kills by you in this place as a percentage of kills by you in the entire game.
 C = Kills by friends in this place as a percentage of kills by friends in the entire game.
 D = Other kills in this place as a percentage of other kills in the entire game.
 E = Experience gained in this place as a percentage of experience gained in the entire game.
 F = Experience gained in this place divided by the number of levels of this place that you have seen.
                   A       B       C       D       E      F
               +-------+-------+-------+-------+-------+----------------------
         Total | 100.0 | 100.0 |   N/A |   N/A | 100.0 |  41.5
       Dungeon | 100.0 | 100.0 |   N/A |   N/A | 100.0 |  41.5
               +-------+-------+-------+-------+-------+----------------------
